 Dungeon Crawl Stone Soup version 0.15.2 (webtiles) character file.

5622 kae the Bludgeoner (level 10, -5/77 HPs)
             Began as a Minotaur Fighter on Feb 23, 2015.
             Was a Believer of Okawaru.
             Slain by an elephant (7 damage)
             ... on Level 1 of the Lair of Beasts.
             The game lasted 00:06:58 (6932 turns).

kae the Bludgeoner (Minotaur Fighter)               Turns: 6932, Time: 00:06:58

HP  -5/77        AC 16     Str 22      XL: 10   Next: 45%
MP   4/4         EV  2     Int  7      God: Okawaru [**....]
Gold 554         SH  0     Dex 10      Spells:  0 memorised,  9 levels left

rFire  . . .     SeeInvis .     D - +5 flail (protect)
rCold  . . .     Clarity  .     b - +1 scale mail
rNeg   + + +     rCorr    .     c - +0 shield
rPois  +         rRot     +     (helmet restricted)
rElec  .         Spirit   .     (no cloak)
SustAb +         Warding  .     (no gloves)
rMut   .         Stasis   .     (no boots)
Gourm  .                        (no amulet)
MR     .....                    n - +4 ring of protection
                                f - ring of sustain abilities

@: lethally poisoned, petrified, not resistant to hostile enchantments,
extremely unstealthy
A: retaliatory headbutt, horns 2
a: Heroism, Renounce Religion


You were on level 1 of the Lair of Beasts.
You worshipped Okawaru.
Okawaru was pleased with you.
You were hungry.

You visited 3 branches of the dungeon, and saw 10 of its levels.
You also visited: Ossuary.

You collected 554 gold pieces.

Inventory:

Hand weapons
 a - a +0 flail
 D - a +5 flail of protection (weapon)
Armour
 b - a +1 scale mail (worn)
 c - a +0 shield (worn)
Magical devices
 h - a wand of digging (13) {unknown}
Comestibles
 d - 6 bread rations
 i - 2 slices of pizza
 v - 2 fruits
 w - 4 rotting chunks of elephant flesh
 z - 2 meat rations
 E - 7 beef jerkies
 G - 2 royal jellies
Scrolls
 g - 2 scrolls of immolation
 j - 9 scrolls of remove curse
 k - 2 scrolls of fear
 l - 3 scrolls of blinking
 o - 2 scrolls of teleportation
 r - 2 scrolls of magic mapping
 t - 5 scrolls of identify
 u - 2 scrolls of amnesia
 y - a scroll of recharging {unknown}
Jewellery
 f - a ring of sustain abilities (left hand)
 n - a +4 ring of protection (right hand)
Potions
 e - 2 potions of heal wounds
 m - 4 potions of curing
 p - 5 potions of restore abilities
 q - a potion of brilliance
 s - 2 potions of lignification {unknown}
 x - a potion of poison {unknown}
 A - a potion of cure mutation {unknown}
 B - 3 potions of agility
 C - 4 potions of haste
 F - a potion of invisibility {unknown}


   Skills:
 - Level 3.6 Fighting
 + Level 17.4 Maces & Flails
 - Level 3.6 Armour
 - Level 3.6 Shields


You had 9 spell levels left.
You didn't know any spells.

Dungeon Overview and Level Annotations

Branches:
Dungeon (8/15)             Temple (1/1) D:6            Lair (1/8) D:8

Altars:
Ashenzari
Cheibriados
Elyvilon
Fedhas
Kikubaaqudgha
Makhleb
Nemelex Xobeh
Okawaru
Qazlal
Sif Muna
Trog
Vehumet
Xom
Yredelemnul
Zin
The Shining One


Innate Abilities, Weirdness & Mutations

You reflexively headbutt those who attack you in melee.
You have a pair of horns on your head.


Message History

The elephant trunk-slaps you but does no damage.
The basilisk bites you.
* * * LOW HITPOINT WARNING * * *
The elephant tramples you.
* * * LOW HITPOINT WARNING * * *
You hold your ground!
The elephant trunk-slaps you.
* * * LOW HITPOINT WARNING * * *
The basilisk bites you!
* * * LOW HITPOINT WARNING * * *
The elephant tramples you!
* * * LOW HITPOINT WARNING * * *
You hold your ground!
The elephant trunk-slaps you but does no damage.
The basilisk bites you but does no damage.
The elephant tramples you!
* * * LOW HITPOINT WARNING * * *
You hold your ground!
The elephant barely misses you.
The basilisk bites you but does no damage.
The elephant tramples you!
You die...

♣♣.....#
♣♣....#
♣....#
♣♣...#
♣♣..##
♣...#
♣..##
♣...#
♣@..#
♣lY##
♣..%...#
♣......#
♣......#
♣......#
♣.......#
♣......#
......#


You could see an elephant and a basilisk.

Vanquished Creatures
  Pikel (D:4)
  3 elephants (Lair:1)
  A black mamba (Lair:1)
  A fire drake (Lair:1)
  Grinder (D:4)
  Prince Ribbit (D:7)
  2 hippogriffs (D:8)
  A hill giant skeleton (D:8)
  Edmund (D:5)
  Menkaure (D:5)
  A porcupine (Lair:1)
  A water moccasin (Lair:1)
  2 ice beasts (D:8)
  A phantom (D:6)
  A black bear (D:6)
  A centaur (D:6)
  A slave (D:4)
  2 ogres (D:7)
  An orc warrior (D:6)
  Sigmund (D:5)
  A big kobold (D:7)
  4 giant frogs
  A scorpion (D:6)
  A goliath beetle (D:8)
  5 crimson imps
  4 hounds
  3 orc wizards
  3 orc priests
  7 worker ants
  2 iguanas (D:5)
  Jessica (D:2)
  A big kobold zombie (Ossuary)
  An ogre skeleton (D:7)
  2 mummies (Ossuary)
  4 gnolls
  10 adders
  A shadow imp (D:7)
  A giant mite (D:7)
  9 adder zombies (Ossuary)
  An orc skeleton (D:7)
  5 giant geckos
  2 oozes
  24 orcs
  A ball python (D:6)
  11 bats
  A bat skeleton (D:8)
  4 giant cockroaches
  2 gnoll zombies (Ossuary)
  8 goblins
  6 hobgoblins
  21 jackals
  15 kobolds
  2 quokkas
  A giant mite zombie (D:7)
  4 giant newts
  3 hobgoblin zombies (Ossuary)
  7 kobold zombies
  3 orc zombies
  12 rats
  A rat skeleton (D:5)
220 creatures vanquished.

Vanquished Creatures (others)
  A slave (D:4)
  A phantom (D:4)
  A gnoll sergeant (D:4)
  2 worker ants (D:4)
  A gnoll (D:4)
  An adder (D:4)
  An orc (D:4)
  A goblin (D:4)
  A ball python (D:4)
10 creatures vanquished.

Grand Total: 230 creatures vanquished

Notes
Turn   | Place    | Note
--------------------------------------------------------------
     0 | D:1      | kae, the Minotaur Fighter, began the quest for the Orb.
     0 | D:1      | Reached XP level 1. HP: 19/19 MP: 1/1
     6 | D:1      | Noticed a swamp drake
     6 | D:1      | Noticed a redback
     6 | D:1      | Noticed a black mamba
     6 | D:1      | Noticed a komodo dragon
   127 | D:1      | Reached XP level 2. HP: 17/26 MP: 1/1
   660 | D:2      | Reached skill level 4 in Maces & Flails
   690 | D:2      | Noticed Jessica
   695 | D:2      | Killed Jessica
   695 | D:2      | Reached XP level 3. HP: 23/31 MP: 2/2
   741 | D:2      | Found a snail-covered altar of Cheibriados.
   741 | D:2      | Found a radiant altar of Vehumet.
   809 | D:2      | Reached skill level 5 in Maces & Flails
   921 | D:2      | Reached XP level 4. HP: 35/39 MP: 2/2
  1421 | D:3      | Reached skill level 6 in Maces & Flails
  1684 | D:4      | Noticed Grinder
  1694 | D:4      | Reached XP level 5. HP: 26/45 MP: 2/2
  1696 | D:4      | Paralysed by Grinder for 4 turns
  1702 | D:4      | Killed Grinder
  1702 | D:4      | Reached skill level 8 in Maces & Flails
  1702 | D:4      | Reached XP level 6. HP: 17/51 MP: 3/3
  1929 | D:4      | Noticed a slave
  1930 | D:4      | Noticed a slave
  1930 | D:4      | Noticed Pikel
  1931 | D:4      | Noticed a slave
  1931 | D:4      | Noticed a slave
  1957 | D:4      | Killed Pikel
  1957 | D:4      | Reached skill level 10 in Maces & Flails
  1957 | D:4      | Reached XP level 7. HP: 10/57 MP: 3/3
  2186 | D:4      | Killed a freed slave
  2237 | D:4      | Killed a phantom
  2683 | D:4      | Killed a freed slave
  2909 | D:5      | Entered Level 5 of the Dungeon
  2959 | D:5      | Reached skill level 11 in Maces & Flails
  2975 | D:5      | Reached XP level 8. HP: 47/64 MP: 3/3
  2977 | D:5      | Found a sand-covered staircase.
  2985 | Ossuary  | Entered an ossuary
  3264 | D:5      | Noticed Edmund
  3280 | D:5      | Killed Edmund
  3536 | D:5      | Noticed Menkaure
  3542 | D:5      | Killed Menkaure
  3542 | D:5      | Reached skill level 12 in Maces & Flails
  3813 | D:5      | Noticed Sigmund
  3828 | D:5      | Killed Sigmund
  4114 | D:6      | Reached skill level 13 in Maces & Flails
  4131 | D:6      | Found a blossoming altar of Fedhas.
  4137 | D:6      | Found a shimmering altar of Xom.
  4187 | D:6      | Found a staircase to the Ecumenical Temple.
  4269 | Temple   | Entered the Ecumenical Temple
  4307 | Temple   | Became a worshipper of Warmaster Okawaru
  4514 | D:6      | Reached XP level 9. HP: 66/70 MP: 4/4
  4628 | D:7      | Noticed Prince Ribbit
  4652 | D:7      | Killed Prince Ribbit
  4652 | D:7      | Acquired Okawaru's first power
  4652 | D:7      | Reached skill level 14 in Maces & Flails
  5483 | D:7      | Reached skill level 15 in Maces & Flails
  5537 | D:8      | Found a staircase to the Lair.
  5966 | D:8      | Reached skill level 16 in Maces & Flails
  6448 | Lair:1   | Entered Level 1 of the Lair of Beasts
  6448 | Lair:1   | Noticed a fire drake
  6454 | Lair:1   | Killed a fire drake
  6454 | Lair:1   | Reached XP level 10. HP: 63/77 MP: 4/4
  6550 | Lair:1   | Noticed an elephant
  6551 | Lair:1   | Noticed an elephant
  6552 | Lair:1   | Noticed an elephant
  6564 | Lair:1   | Killed an elephant
  6603 | Lair:1   | Killed an elephant
  6610 | Lair:1   | Killed an elephant
  6610 | Lair:1   | Reached skill level 17 in Maces & Flails
  6916 | Lair:1   | Noticed a black mamba
  6917 | Lair:1   | Noticed an elephant
  6923 | Lair:1   | Killed a black mamba
  6931 | Lair:1   | HP: 1/77 [elephant (6)]
  6932 | Lair:1   | Slain by an elephant

Action                   |  1- 3 |  4- 6 |  7- 9 | 10-12 || total
-------------------------+-------+-------+-------+-------++-------
Melee: Flail             |    68 |    79 |   462 |    48 ||   657
  Use: Potion            |       |     8 |     1 |       ||     9
       Scroll            |       |       |    14 |       ||    14
  Eat: Chunk             |       |     3 |    14 |     2 ||    19
